 Dungeon Crawl Stone Soup version 0.14-a0-1576-gf4c5cb9 (webtiles) character file.

281 M4edhros the Changer (level 5, -5/33 HPs)
             Began as an Octopode Transmuter on Dec 22, 2013.
             Slain by a gnoll
             ... wielding a +0,+0 flail
              (12 damage)
             ... on Level 3 of the Dungeon.
             The game lasted 00:03:35 (3526 turns).

M4edhros the Changer (Octopode Transmuter)          Turns: 3526, Time: 00:03:35

HP  -5/33        AC  1     Str  9      XL: 5   Next: 73%
MP   9/9         EV 12     Int 16      God:
Gold 87          SH  0     Dex 13      Spells:  3 memorised,  2 levels left

rFire  . . .     SeeInvis .       - Unarmed
rCold  . . .     Clarity  .     (no shield)
rNeg   . . .     Conserve .     (helmet restricted)
rPois  .         rCorr    .     (no amulet)
rElec  .         rRot     .     (no ring)
SustAb . .       Spirit   .     (no ring)
rMut   .         Warding  .     (no ring)
Saprov . . .     Stasis   .     (no ring)
                                (no ring)
                                (no ring)
                                (no ring)
                                (no ring)

@: appendage (expiring), slightly resistant to hostile enchantments, fairly
stealthy
A: almost no armour, amphibious, 8 rings, constrict 8, spike 3, camouflage 1,
gelatinous body 1
a: End Transformation


You were on level 3 of the Dungeon.
You were hungry.
One of your tentacles had a temporary spike.
You visited 1 branch of the dungeon, and saw 3 of its levels.

You collected 87 gold pieces.

Inventory:

Missiles
 b - 37 arrows
Armour
 i - a +1 orcish shield
Comestibles
 a - 4 bread rations
 c - 6 sultanas
 j - 6 grapes
Scrolls
 e - a scroll of immolation {unknown}
 f - a scroll of amnesia {unknown}
 g - 2 scrolls of remove curse {unknown}
 h - 4 scrolls of identify {unknown}
 k - a scroll of curse jewellery {unknown}
 l - 2 scrolls of recharging {unknown}
 n - a scroll of curse weapon {unknown}
 q - a scroll of enchant weapon II {unknown}
Potions
 m - a potion of flight {unknown}
 p - a potion of curing {unknown}
Books
 d - a book of Changes

   Spells                             Type                      Level
   *Beastly Appendage                 Transmutation                1
   *Sticks to Snakes                  Transmutation                2
   *Spider Form                       Transmutation/Poison         3
   Ice Form                           Ice/Transmutation            4
   Blade Hands                        Transmutation                5


   Skills:
 - Level 1.0 Fighting
 - Level 2.0 Dodging
 - Level 3.0 Unarmed Combat
 - Level 2.0 Spellcasting
 + Level 5.8 Transmutations


You had 2 spell levels left.
You knew the following spells:

 Your Spells              Type           Power        Failure   Level  Hunger
a - Beastly Appendage     Trmt           ###...       1%          1    #......
b - Sticks to Snakes      Trmt           ###.......   3%          2    ###....
c - Spider Form           Trmt/Pois      ##........   21%         3    ####...


Dungeon Overview and Level Annotations

Branches:
Dungeon (3/16)

Altars:
Makhleb


Innate Abilities, Weirdness & Mutations

You cannot wear most types of armour.
You are amphibious.
You can wear up to eight rings at the same time.*
You can use your tentacles to constrict many enemies at once.*
Your skin changes colour to match your surroundings (Stlth).*
Your rubbery body absorbs attacks (AC +1).*
One of your tentacles bears a large vicious spike.*


Message History

You pierce the orc priest.
The orc priest is moderately wounded.
You constrict the orc priest.
The orc priest invokes the aid of Beogh against you.
Something smites you!
* * * LOW HITPOINT WARNING * * *
You are too injured to fight recklessly!
Unknown command.
You hit the orc priest.
You pierce the orc priest!
The orc priest is almost dead.
You constrict the orc priest.
You kill the orc priest!
Unknown command.
You start resting.
A gnoll comes into view. It is wielding a flail.
A gnoll is nearby!
You hit the gnoll. Your grab misses the gnoll.
You pierce the gnoll.
The gnoll is almost dead.
The gnoll hits you with a flail!
You die...

######## #......# #......#
########### ###......# ######
#.........# #.g......# #.....
#.........# #.#@...).# ###.....
#...g.....# #.#......# #.'.....
#.........# ##g#......# ##.#.....
#.........###..#......# #..#.....
..............##......###.##.....
#.........######......'...##.....
#.........# #......######.....
#.........# #......# #.....
###.####### ##'##### ######


You could see a gnoll.

Vanquished Creatures
  A hound (D:3)
  An orc priest (D:3)
  An orc wizard (D:3)
  Terence (D:2)
  A gnoll (D:3)
  2 adders
  A giant mite (D:2)
  A giant gecko (D:1)
  8 orcs
  5 bats
  7 giant cockroaches
  6 goblins
  5 hobgoblins
  A ball python (D:1)
  2 giant newts
  8 kobolds
  8 rats
59 creatures vanquished.

Notes
Turn   | Place    | Note
--------------------------------------------------------------
     0 | D:1      | M4edhros, the Octopode Transmuter, began the quest for the Orb.
     0 | D:1      | Reached XP level 1. HP: 13/13 MP: 3/3
   205 | D:1      | Reached XP level 2. HP: 11/18 MP: 2/4
  1102 | D:2      | Noticed Terence
  1111 | D:2      | Killed Terence
  1111 | D:2      | Reached XP level 3. HP: 12/23 MP: 6/6
  1682 | D:2      | Reached skill level 4 in Transmutations
  1750 | D:2      | Reached XP level 4. HP: 25/28 MP: 5/7
  2528 | D:3      | Reached skill level 5 in Transmutations
  2528 | D:3      | Reached XP level 5. HP: 8/33 MP: 9/9
  2634 | D:3      | Learned a level 2 spell: Sticks to Snakes
  2653 | D:3      | Learned a level 3 spell: Spider Form
  2870 | D:3      | Found a burning altar of Makhleb.
  3526 | D:3      | Slain by a gnoll

Action                   |  1- 3 |  4- 6 || total
-------------------------+-------+-------++-------
Melee: Unarmed           |    74 |    84 ||   158
 Cast: Beastly Appendage |     2 |     3 ||     5
       Spider Form       |       |     1 ||     1
  Use: Potion            |     2 |       ||     2
 Stab: Sleeping          |     2 |       ||     2
